Description

This kind of cheese can be really challenging to hold but there is some ways to know about it :

  • You need to scout it really fast (that the reason why protoss scout early)
  • This ZvP cheese is really engaging for the zerg
  • This cheese looks like many other cheese (zergling flood and roach all-in): The way to hold them is almost the same
  • You can hold it with a Stargate playstyle but it's more tricky

VOD

https://youtu.be/csvLnugcLxE

Replay - llllllllllll v Pocholo - Nightshade LE

Build Order

Get SALT Encoding   

  12  0:01  Probe  
  13  0:13  Probe  
  14  0:20  Pylon  
  14  0:25  Probe (Chrono Boost)  
  15  0:38  Probe (Chrono Boost)  
  15  0:40  Gateway  
  16  0:46  Probe  
  16  0:47  Assimilator  
  17  0:58  Probe  
  18  1:10  Probe  
  19  1:22  Probe  
  20  1:28  Cybernetics Core  
  20  1:34  Probe  
  20  1:38  Zealot (Chrono Boost)  
  23  1:42  Pylon  
  23  1:56  Nexus  
  23  2:02  Adept (Chrono Boost)  
  23  2:05  Warp Gate (Chrono Boost)  
  25  2:15  Gateway  
  25  2:20  Shield Battery  
  25  2:26  Adept  
  27  2:42  Probe  
  28  2:50  Assimilator  
  28  2:57  Robotics Facility  
  29  3:04  Shield Battery  
  29  3:06  Gateway  
  31  3:27  Pylon, Zealot (Chrono Boost)  
  31  3:28  Sentry (Chrono Boost)  
  33  3:35  Pylon  
  32  3:54  Pylon  
  34  3:56  Zealot x2  
  38  4:05  Shield Battery  
  42  4:24  Immortal (Chrono Boost)  
  48  4:40  Stalker  
  52  4:53  Stalker  
  52  4:58  Warp Prism (Chrono Boost)  
  58  5:15  Gateway x2  
  58  5:22  Sentry x2  
  62  5:49  Gateway  
  62  6:01  Gateway  
  64  6:09  Adept x2  
  71  6:31  Adept x3  
  78  7:05  Adept x3  
  78  7:06  Stalker x3  
  88  7:34  Stalker x3  
  94  8:00  Zealot x4  
Spawning Tool Build Advisor. Get it on Overwolf

Go to:

Details

  • Created by: zuka      
  • Published on: Apr 06, 2020
  • Modified on: Apr 06, 2020
  • Patch: 4.11.0
Show
View Real Time Build Order
Export as new Build Order

Comments (0)

There are no comments. Be the first!

Create an account to comment!